Map: Snowy Mesa

Players

TimeTwist

  • Race: Zerg Zerg
  • Spawn Location: 6:00

Myran

  • Race: Protoss Protoss
  • Spawn Location: 6:00

Scaramanga - Winner!

  • Race: Terran Terran
  • Spawn Location: 12:00

dallaskuken - Winner!

  • Race: Protoss Protoss
  • League: Platinum
  • Spawn Location: 12:00

VOD

Have the link to the VOD?

Description

Time

  • Played on: March 15, 2017, 7:57 p.m.
  • Length: 15:05
Show
View Real Time Build Order
Export as new Build Order

TimeTwist Zerg 

Build Orders: Hatch First, Roach Nydus 

Get SALT Encoding   

  12  0:01  Drone  
  13  0:13  Overlord  
  13  0:20  Drone  
  14  0:31  Drone x2  
  14  0:35  Drone  
  17  0:46  Drone  
  18  0:58  Hatchery  
  17  1:09  Drone  
  18  1:16  Spawning Pool  
  17  1:22  Drone  
  17  2:01  Drone x3, Extractor  
  17  2:03  Queen  
  20  2:15  Roach Warren  
  19  2:26  Drone x2  
  21  2:31  Extractor  
  20  2:56  Roach  
  22  3:00  Overlord  
  22  3:01  Overlord  
  22  3:17  Spine Crawler  
  22  3:18  Queen  
  23  3:24  Roach  
  23  3:25  Roach x3  
  31  3:37  Roach  
  33  3:56  Roach x2  
  33  3:57  Lair  
  37  4:14  Overlord x2  
  37  4:36  Roach x3  
  37  4:37  Overlord  
  43  4:54  Glial Reconstitution  
  43  4:56  Roach x3  
  49  5:18  Roach x3  
  49  5:19  Roach  
  51  5:43  Drone x2  
  51  5:44  Nydus Network  
  52  6:09  Drone x3  
  55  6:11  Spore Crawler  
  54  6:27  Nydus Canal  
  54  6:34  Burrow  
  54  6:35  Tunneling Claws  
  54  6:39  Drone  
  49  7:03  Roach x4  
  49  7:05  Roach  
  39  7:14  Drone  
  40  7:31  Hatchery  
  39  7:51  Roach x2  
  39  7:52  Roach x2  
  47  8:11  Roach x3  
  53  8:14  Nydus Canal  
  53  8:20  Metabolic Boost  
  53  8:40  Drone x3  
  52  8:58  Drone x2  
  54  9:14  Extractor  
  53  9:17  Hatchery, Spore Crawler  
  53  9:18  Drone  
  53  9:19  Extractor  
  51  9:31  Drone x4  
  54  9:34  Drone  
  56  9:39  Roach x11  
  56  9:47  Roach x3, Drone x3  
  56  9:48  Drone x2  
  61  9:55  Drone x3  
  46  10:12  Baneling Nest  
  45  10:16  Drone x2  
  47  10:23  Zergling x2  
  47  10:24  Zergling x10  
  53  10:34  Zergling x2  
  53  10:35  Roach x3  
  61  10:37  Spine Crawler  
  61  10:38  Spine Crawler  
  59  10:47  Spine Crawler x2  
  53  11:00  Baneling x2  
  53  11:01  Baneling x7  
  53  11:02  Baneling x5  
  45  11:08  Zergling x2  
  41  11:25  Roach x2  
  31  11:34  Zergling x6  
  30  11:40  Drone x6  
  30  11:42  Zergling x4  
  6  12:32  Drone x4  
  6  12:33  Drone x2  
  6  12:35  Zergling x6  
  6  12:36  Zergling x6  
  18  12:46  Hatchery  
  18  12:47  Drone  
  17  12:51  Drone  
  18  13:04  Queen, Drone  
  15  13:56  Roach x3  
  15  13:58  Roach  
  23  14:04  Spine Crawler  
  23  14:05  Spine Crawler  
  21  14:19  Spine Crawler  
Show
View Real Time Build Order
Export as new Build Order

Myran Protoss 

Build Orders:  

Get SALT Encoding   

  12  0:02  Probe (Chrono Boost)  
  13  0:14  Probe (Chrono Boost)  
  14  0:26  Pylon  
  14  0:30  Probe (Chrono Boost)  
  15  0:44  Probe (Chrono Boost)  
  16  0:57  Gateway  
  16  1:03  Pylon, Probe (Chrono Boost)  
  17  1:13  Probe (Chrono Boost)  
  18  1:23  Forge  
  18  1:30  Probe (Chrono Boost)  
  18  1:31  Assimilator  
  20  1:47  Probe (Chrono Boost)  
  20  1:51  Zealot  
  22  2:08  Photon Cannon  
  22  2:12  Pylon  
  23  2:15  Probe (Chrono Boost)  
  23  2:21  Gateway  
  23  2:25  Cybernetics Core  
  23  2:26  Probe (Chrono Boost)  
  23  2:27  Zealot  
  26  2:43  Probe (Chrono Boost)  
  27  2:58  Photon Cannon  
  27  3:22  Photon Cannon  
  27  3:24  Zealot  
  25  3:40  Warp Gate  
  25  3:47  Assimilator  
  25  3:49  Stalker  
  25  3:51  Stalker  
  25  3:54  Probe (Chrono Boost)  
  30  4:14  Twilight Council  
  30  4:19  Probe (Chrono Boost)  
  30  4:23  Zealot  
  33  4:24  Zealot  
  35  4:50  Zealot  
  35  4:51  Zealot  
  39  5:00  Dark Shrine  
  39  5:05  Pylon  
  39  5:07  Pylon  
  39  5:16  Probe (Chrono Boost)  
  34  6:15  Dark Templar x2  
  36  7:29  Probe (Chrono Boost)  
  37  7:38  Nexus  
  37  7:39  Probe (Chrono Boost)  
  38  7:46  Pylon  
  38  7:49  Pylon  
  36  8:35  Dark Templar x2  
  40  8:46  Assimilator  
  41  8:48  Probe (Chrono Boost)  
  41  8:50  Assimilator  
  41  8:57  Probe (Chrono Boost)  
  41  8:59  Probe (Chrono Boost)  
  43  9:08  Probe (Chrono Boost)  
  44  9:11  Nexus  
  44  9:18  Probe (Chrono Boost)  
  45  9:29  Probe (Chrono Boost)  
  46  9:49  Stalker x2  
  46  9:52  Probe (Chrono Boost)  
  51  10:00  Pylon  
  51  10:03  Pylon, Probe (Chrono Boost)  
  51  10:06  Pylon  
  52  10:13  Probe (Chrono Boost)  
  53  10:24  Probe (Chrono Boost)  
  54  10:31  Stargate  
  54  10:32  Stargate x2  
  54  10:34  Probe (Chrono Boost)  
  54  10:35  Stalker x2  
  39  11:00  Dark Templar x2  
  39  11:24  Gateway x2  
  39  11:29  Forge  
  39  11:34  Pylon  
  39  11:35  Pylon  
  39  11:38  Void Ray x3  
  51  11:54  Dark Templar  
  53  12:36  Void Ray x3  
  65  12:47  Probe (Chrono Boost)  
  66  12:57  Probe (Chrono Boost)  
  67  13:11  Pylon  
  67  13:12  Zealot x2, Pylon  
  71  13:13  Zealot  
  71  13:14  Assimilator  
  73  13:20  Assimilator  
  73  13:27  Void Ray x3  
  85  13:49  Photon Cannon  
  85  13:53  Pylon  
  85  13:55  Pylon  
  79  14:05  Void Ray  
  79  14:15  Dark Templar  
  83  14:18  Dark Templar  
  83  14:19  Dark Templar  
  34  14:52  Dark Templar x3  
Show
View Real Time Build Order
Export as new Build Order

Scaramanga Terran - Winner!

Build Orders:  

Get SALT Encoding   

  12  0:01  SCV  
  13  0:13  SCV  
  14  0:17  Supply Depot  
  14  0:25  SCV  
  15  0:39  SCV  
  15  0:40  Barracks  
  16  0:46  Refinery  
  16  0:51  SCV  
  17  1:03  SCV  
  18  1:05  Barracks  
  18  1:17  SCV  
  19  1:22  Barracks  
  19  1:27  Marine  
  20  1:34  Supply Depot  
  20  1:39  Orbital Command  
  20  1:45  Marine  
  21  1:53  Marine  
  22  2:03  Marine  
  22  2:04  SCV  
  24  2:09  Marine  
  24  2:10  Marine  
  26  2:21  Marine  
  27  2:27  Marine  
  27  2:28  Marine  
  29  2:36  SCV  
  30  2:39  Marine  
  31  3:01  Bunker  
  31  3:16  Marine  
  31  3:17  Marine  
  30  3:27  SCV  
  30  3:40  SCV  
  31  3:42  Refinery  
  31  3:46  Barracks Tech Lab  
  31  3:47  Barracks Reactor  
  31  3:48  Barracks Reactor  
  31  3:57  Command Center  
  31  3:59  Supply Depot  
  31  4:02  Command Center  
  31  4:03  Supply Depot  
  31  4:20  SCV  
  31  4:21  Marauder  
  34  4:24  Marine x3  
  34  4:25  Marine  
  38  4:32  SCV  
  39  4:41  Marine  
  39  4:42  Marine  
  39  4:44  SCV  
  42  4:47  Marine x2  
  42  4:48  Marine  
  45  4:53  Factory  
  45  4:57  SCV, Concussive Shells  
  45  4:59  Marine  
  47  5:09  SCV  
  47  5:12  Orbital Command  
  47  5:14  Marine  
  47  5:18  Marauder  
  47  5:39  Marine  
  47  5:40  Marauder, Marine x3  
  52  5:46  Hellion  
  52  5:48  Combat Shields  
  54  5:55  Orbital Command  
  54  5:57  Marine x2  
  54  6:01  Marauder  
  54  6:02  Engineering Bay  
  58  6:12  SCV  
  59  6:20  SCV  
  59  6:23  Marauder  
  59  6:24  SCV, Marine x3  
  66  6:30  Starport  
  66  6:32  SCV  
  67  6:33  SCV  
  67  6:36  SCV  
  69  6:44  Marauder, SCV  
  69  6:47  Factory Tech Lab  
  52  7:12  Missile Turret  
  51  7:15  Missile Turret  
  50  7:24  SCV x3  
  53  7:36  SCV x3, Marine x5  
  59  7:38  Siege Tank  
  59  7:40  Starport Reactor  
  59  7:41  Missile Turret  
  59  7:43  Stimpack  
  64  7:48  SCV x2  
  66  7:54  Marine x4  
  70  7:58  SCV  
  70  8:00  SCV x2  
  73  8:10  SCV  
  76  8:13  Marauder  
  76  8:29  Marine  
  77  8:42  Refinery  
  77  8:43  Refinery  
  77  8:50  Marine  
  77  9:04  Marauder, Marine x3, Medivac, Supply Depot  
  77  9:06  Supply Depot  
  77  9:08  Marine  
  77  9:09  Supply Depot  
  85  9:13  Terran Infantry Weapons Level 1  
  85  9:25  Marine x4, Medivac  
  85  9:26  Marine  
  85  9:27  Supply Depot  
  85  9:31  Supply Depot x2  
  92  9:34  Medivac  
  92  9:37  Missile Turret  
  94  9:43  Marine x4  
  94  9:44  SCV x3, Marine  
  99  10:01  Marauder, Marine x2  
  99  10:06  Marine  
  99  10:07  Marine  
  104  10:11  SCV x3  
  108  10:19  Marine x2  
  110  10:23  Marauder, SCV x2  
  110  10:24  Marine  
  113  10:44  Marauder  
  83  11:27  SCV x3  
  83  11:28  Marine x2  
  83  11:29  Marauder, Marine x2  
  88  11:39  SCV x2  
  91  11:40  SCV  
  86  11:50  Marauder  
  87  11:59  SCV x3  
  88  12:02  Marine  
  88  12:03  Marine x3  
  91  12:11  Marauder, Refinery  
  91  12:14  Refinery  
  90  12:20  Marine  
  90  12:21  Marine x3  
  91  12:26  Siege Tank  
  91  12:27  Missile Turret  
  91  12:29  Medivac x2  
  98  12:33  Marauder  
  98  12:36  Terran Infantry Armor Level 1  
  100  12:38  Marine x4  
  100  12:41  Engineering Bay  
  100  12:42  Armory  
  104  12:54  Marauder  
  104  12:56  Barracks, Marine x4  
  110  12:59  Medivac x2, Siege Tank  
  110  13:00  Barracks  
  110  13:01  Command Center  
  110  13:03  Barracks  
  117  13:08  Armory  
  117  13:13  Marine  
  117  13:14  Marine x3  
  117  13:15  Marine  
  120  13:29  Medivac x2  
  120  13:31  Marine, Siege Tank  
  120  13:32  Marine x3  
  120  13:33  Marauder  
  133  13:51  Barracks Reactor x2, Barracks Tech Lab  
  133  14:08  Marine x3  
  133  14:12  Marine x2, Siege Tank  
  138  14:22  Marine  
  138  14:26  Marine x3  
  138  14:30  Marauder, Marine  
  143  14:33  Marine x4  
  142  14:40  Marine  
  142  14:44  Marine x2  
  139  14:46  Marine  
Show
View Real Time Build Order
Export as new Build Order

dallaskuken Protoss - Winner!

Build Orders: Cannon Rush 

Get SALT Encoding   

  12  0:01  Probe (Chrono Boost)  
  13  0:12  Probe (Chrono Boost)  
  14  0:22  Pylon, Probe (Chrono Boost)  
  15  0:41  Forge  
  15  0:44  Probe (Chrono Boost)  
  16  0:55  Probe (Chrono Boost)  
  17  1:03  Pylon  
  17  1:21  Photon Cannon  
  17  1:25  Pylon  
  17  1:26  Pylon  
  17  1:34  Photon Cannon  
  17  1:46  Pylon  
  17  1:49  Photon Cannon  
  17  1:59  Gateway  
  17  2:08  Photon Cannon  
  17  2:12  Probe (Chrono Boost)  
  18  2:23  Probe (Chrono Boost)  
  19  2:33  Gateway  
  19  2:41  Pylon  
  19  2:44  Zealot  
  21  2:59  Pylon  
  21  3:07  Zealot  
  22  3:21  Zealot  
  24  3:34  Zealot  
  26  3:43  Assimilator  
  26  3:52  Zealot  
  28  4:07  Nexus  
  28  4:11  Cybernetics Core  
  28  4:20  Zealot  
  28  4:23  Zealot  
  33  4:53  Assimilator, Probe (Chrono Boost)  
  33  5:05  Probe (Chrono Boost)  
  32  5:17  Probe (Chrono Boost)  
  24  5:29  Probe (Chrono Boost)  
  24  5:35  Warp Gate  
  22  5:39  Probe (Chrono Boost)  
  23  5:48  Gateway  
  24  5:50  Gateway, Probe (Chrono Boost)  
  24  5:52  Gateway  
  24  6:00  Probe (Chrono Boost)  
  25  6:11  Probe (Chrono Boost)  
  26  6:15  Stargate  
  26  6:18  Pylon  
  26  6:20  Pylon  
  26  6:21  Probe (Chrono Boost)  
  27  6:30  Probe (Chrono Boost)  
  27  6:32  Probe (Chrono Boost)  
  29  6:42  Probe x2 (Chrono Boost)  
  30  6:53  Probe (Chrono Boost)  
  32  6:54  Probe (Chrono Boost)  
  27  7:18  Pylon  
  27  7:37  Oracle  
  27  7:39  Robotics Facility  
  31  8:05  Probe (Chrono Boost)  
  31  8:15  Photon Cannon  
  31  8:16  Probe (Chrono Boost)  
  32  8:26  Probe (Chrono Boost)  
  31  8:37  Probe (Chrono Boost)  
  32  9:05  Assimilator  
  32  9:06  Pylon  
  32  9:08  Pylon  
  32  9:10  Assimilator  
  32  9:14  Stalker x3  
  35  9:44  Observer  
  36  9:55  Photon Cannon  
  36  10:11  Probe (Chrono Boost)  
  31  10:22  Probe (Chrono Boost)  
  32  10:48  Probe (Chrono Boost)  
  33  10:58  Gateway, Probe (Chrono Boost)  
  33  11:00  Gateway  
  33  11:02  Gateway  
  34  11:24  Stalker x3  
  40  11:36  Immortal  
  44  11:55  Pylon  
  44  11:57  Stalker x3, Pylon  
  44  11:59  Pylon  
  50  12:04  Robotics Bay  
  50  12:15  Immortal  
  54  12:21  Stalker x4  
  62  12:47  Nexus  
  62  12:50  Nexus  
  62  12:56  Pylon  
  62  12:58  Pylon  
  62  13:34  Colossus  
  62  13:40  Sentry  
Tags
 
Add a new tag
Caveats
  • Supply blocks, unpowered buildings, or Contaminate may cause inaccurate times.
  • Supply counts are checked every 10 seconds.